 Dungeon Crawl Stone Soup version 0.21.1-1-g345015f (webtiles) character file.

189 snha the Poker (level 5, 39/41 HPs)
             Began as a Mummy Fighter on June 6, 2018.
             Quit the game on level 2 of the Dungeon.
             The game lasted 00:05:11 (2802 turns).

snha the Poker (Mummy Fighter)                      Turns: 2802, Time: 00:05:12

Health: 39/41      AC:  6    Str: 20    XL:     5   Next: 40%
Magic:  5/5        EV:  9    Int:  7    God:
Gold:   65         SH:  0    Dex: 12    Spells: 4/4 levels left

rFire    x . .     SeeInvis .   a - +0 trident
rCold    + . .     Gourm    .   (no shield)
rNeg     + + +     Faith    .   b - +0 scale mail
rPois    ∞         Spirit   .   (no helmet)
rElec    .         Reflect  .   (no cloak)
rCorr    .         Harm     .   (no gloves)
MR       .....                  (no boots)
Stlth    ..........             (no amulet)
HPRegen  0.13/turn              (no ring)
MPRegen  0.09/turn              (no ring)

@: no status effects
A: no food or potions, fire vulnerability, cold resistance 1, negative energy
resistance 3, torment resistance, unbreathing
a: no special abilities


You were on level 2 of the Dungeon.
You were not hungry.

You visited 1 branch of the dungeon, and saw 2 of its levels.

You collected 65 gold pieces.

Inventory:

Hand Weapons
 a - a +0 trident (weapon)
 m - a +0 spear
Armour
 b - a +0 scale mail (worn)
 c - a +0 shield
Jewellery
 j - a +1 ring of protection


   Skills:
 - Level 3.0 Fighting
 + Level 4.7 Polearms
 - Level 2.4 Armour
 - Level 2.4 Shields


You had 4 spell levels left.
You didn't know any spells.

Dungeon Overview and Level Annotations

Branches:
Dungeon (2/15)

Altars:
Hepliaklqana
The Shining One


Innate Abilities, Weirdness & Mutations

You do not eat or drink.
Your flesh is vulnerable to fire.
You are immune to poison.
Your flesh is cold resistant. (rC+)
You are immune to negative energy. (rN+++)
You are immune to unholy pain and torment.
You can survive without breathing.


Message History

You barely miss the ooze.
The ooze is heavily wounded.
The ooze barely misses you.
You puncture the ooze!
You kill the ooze!
Things that are here:
a club; a hobgoblin skeleton You see here a stone.
An ooze comes into view.
There is an open gate here.
You see here a stone.
Attack whom?
Press: ? - help, Dir - move target cursor, f - ooze
Aim: an ooze You reach to attack!
You puncture the ooze!
The ooze is heavily wounded.
You puncture the ooze!
You kill the ooze!
No target in view!
Are you sure you want to abandon this character and quit the game? (Confirm with "yes".)

#....#########.#.#.#.##.#
###### #.#.#.#.##.# #####*
#.#.#.#.##.# ÷.J÷.#*########
#.#.#.#.##.#
J÷....##......###.....#.##.####
,,,,,#.#.......##.#...#.......#
,,,,,#.#........'.#...###..####
,,,,,#.#........'.....###..#
,,,,,#J#'#......@..........#
,,,,,#†#.#....(##(#.#.####.####
,,,,,#.#J#....###.............#
,,,,,##.####### #........).#.##
******###########.#..........##
##########....................#
.....................#######.##
.........#.##.....#..# #.#
..##..............#..#######.#


There were no monsters in sight!

Vanquished Creatures
  2 jellies (D:2)
  Terence (D:2)
  4 oozes (D:2)
  2 worms (D:2)
  2 dart slugs (D:1)
  An orc (D:2)
  4 giant cockroaches
  6 goblins
  6 hobgoblins
  8 jackals (D:1)
  16 kobolds
  A quokka (D:2)
  A ball python (D:2)
  6 bats
  6 frilled lizards
  7 rats
73 creatures vanquished.

Vanquished Creatures (others)
  6 fungi (D:2)
  9 toadstools (D:2)
15 creatures vanquished.

Grand Total: 88 creatures vanquished

Notes
Turn   | Place    | Note
-------+----------+-------------------------------------------
     0 | D:1      | snha the Mummy Fighter began the quest for the Orb.
     0 | D:1      | Reached XP level 1. HP: 18/18 MP: 1/1
   166 | D:1      | Reached skill level 2 in Polearms
   367 | D:1      | Reached XP level 2. HP: 24/24 MP: 2/2
   593 | D:1      | Reached XP level 3. HP: 20/29 MP: 3/3
   822 | D:1      | Reached skill level 3 in Polearms
  1115 | D:1      | Found a glowing golden altar of the Shining One.
  1165 | D:1      | Found a hazy altar of Hepliaklqana.
  1776 | D:2      | Noticed Terence
  1789 | D:2      | Killed Terence
  1789 | D:2      | Reached XP level 4. HP: 22/35 MP: 4/4
  2190 | D:2      | Reached skill level 4 in Polearms
  2497 | D:2      | Reached XP level 5. HP: 27/41 MP: 5/5
  2802 | D:2      | Quit the game

Skill      XL: |  1  2  3  4 |
---------------+-------------+-----
Polearms       | 2 3 4 |  4.7
Fighting       | |  3.0
Armour         | |  2.4
Shields        | |  2.4

Action                   |  1- 3 |  4- 6 || total
-------------------------+-------+-------++-------
Melee: Trident           |   194 |   102 ||   296
  Use: Scroll            |       |     8 ||     8
Armor: Scale mail        |    61 |    29 ||    90
Dodge: Dodged            |    75 |    41 ||   116
